Map: Magma Mines

Players

catzilla

  • Race: Protoss Protoss
  • League: Platinum

monash

  • Race: Protoss Protoss
  • League: Gold

JRingo - Winner!

  • Race: Zerg Zerg
  • League: Gold

SPARKEATER - Winner!

  • Race: Terran Terran
  • League: Platinum

VOD

Have the link to the VOD?

Description

Time

  • Played on: July 13, 2016, 4:17 p.m.
  • Length: 10:13
Show
View Real Time Build Order
Export as new Build Order

catzilla Protoss 

Build Orders:  

Get SALT Encoding   

  12  0:01  Probe (Chrono Boost)  
  13  0:12  Probe (Chrono Boost)  
  14  0:19  Pylon  
  14  0:24  Probe (Chrono Boost)  
  15  0:38  Gateway  
  15  0:43  Assimilator  
  15  0:48  Probe (Chrono Boost)  
  16  0:58  Probe (Chrono Boost)  
  17  1:09  Probe (Chrono Boost)  
  18  1:19  Probe (Chrono Boost)  
  19  1:28  Cybernetics Core  
  19  1:30  Probe (Chrono Boost)  
  20  1:34  Pylon  
  20  1:40  Probe (Chrono Boost), Assimilator  
  21  1:51  Probe (Chrono Boost)  
  22  1:54  Warp Gate  
  22  2:01  Probe (Chrono Boost)  
  23  2:09  Adept  
  23  2:13  Mothership Core (Chrono Boost)  
  27  2:16  Gateway  
  27  2:22  Gateway  
  27  2:33  Probe (Chrono Boost)  
  28  2:42  Adept  
  30  2:46  Gateway  
  30  2:57  Gateway  
  31  2:59  Probe (Chrono Boost)  
  31  3:09  Pylon  
  31  3:13  Pylon  
  31  3:35  Stalker x2  
  31  3:39  Adept x2  
  39  4:04  Nexus  
  39  4:19  Probe (Chrono Boost)  
  39  4:20  Robotics Facility  
  41  4:31  Probe (Chrono Boost)  
  41  4:40  Pylon  
  41  4:43  Probe (Chrono Boost)  
  42  5:03  Stalker x4  
  50  5:34  Stalker x3  
  50  5:35  Stalker x2  
  60  5:52  Pylon  
  56  6:10  Stalker x3  
  56  6:11  Stalker  
  58  6:15  Probe (Chrono Boost)  
  58  6:16  Mothership Core (Chrono Boost)  
  45  6:46  Probe (Chrono Boost)  
  32  6:48  Immortal  
  32  6:50  Stalker x2  
  40  6:57  Probe (Chrono Boost)  
  41  7:01  Sentry x3  
  41  7:06  Probe (Chrono Boost)  
  48  7:12  Assimilator  
  48  7:18  Probe (Chrono Boost)  
  48  7:19  Pylon  
  49  7:27  Immortal  
  54  7:30  Probe (Chrono Boost)  
  54  7:35  Stalker  
  56  7:48  Sentry  
  58  7:52  Stalker x2  
  58  7:58  Probe (Chrono Boost)  
  63  8:03  Zealot x2  
  67  8:08  Probe (Chrono Boost)  
  68  8:15  Forge  
  68  8:19  Probe (Chrono Boost)  
  69  8:29  Probe (Chrono Boost)  
  69  8:33  Stalker x3  
  36  8:57  Sentry x3  
Show
View Real Time Build Order
Export as new Build Order

monash Protoss 

Build Orders:  

Get SALT Encoding   

  12  0:02  Probe (Chrono Boost)  
  13  0:13  Probe (Chrono Boost)  
  14  0:23  Pylon  
  14  0:25  Probe (Chrono Boost)  
  15  0:41  Probe (Chrono Boost)  
  16  0:43  Gateway  
  16  0:45  Assimilator  
  16  0:51  Probe (Chrono Boost)  
  17  1:02  Probe (Chrono Boost)  
  17  1:04  Pylon  
  18  1:06  Assimilator  
  18  1:13  Probe (Chrono Boost)  
  19  1:23  Probe (Chrono Boost)  
  20  1:34  Probe (Chrono Boost)  
  20  1:37  Zealot, Cybernetics Core  
  23  1:44  Probe (Chrono Boost)  
  24  1:47  Pylon  
  24  2:01  Forge  
  24  2:04  Zealot, Probe (Chrono Boost)  
  27  2:10  Warp Gate  
  27  2:19  Gateway  
  27  2:22  Gateway  
  27  2:32  Stalker  
  29  3:00  Nexus  
  29  3:09  Stalker  
  31  3:14  Stalker  
  33  3:22  Stalker  
  35  3:29  Probe (Chrono Boost)  
  36  3:40  Photon Cannon  
  37  3:41  Probe (Chrono Boost)  
  37  3:48  Stalker  
  39  3:59  Pylon  
  39  4:05  Pylon  
  39  4:14  Probe (Chrono Boost)  
  40  4:26  Probe (Chrono Boost)  
  40  4:27  Twilight Council  
  41  4:32  Probe (Chrono Boost)  
  43  4:38  Probe (Chrono Boost)  
  43  4:42  Probe (Chrono Boost)  
  43  4:44  Stalker  
  43  4:45  Stalker  
  48  4:50  Stalker, Probe (Chrono Boost)  
  51  4:53  Probe (Chrono Boost)  
  52  5:02  Probe (Chrono Boost)  
  52  5:04  Probe (Chrono Boost)  
  54  5:09  Dark Shrine  
  55  5:14  Probe (Chrono Boost)  
  55  5:24  Assimilator  
  55  5:29  Assimilator  
  55  5:35  Pylon  
  41  6:01  Stalker  
  41  6:02  Stalker x2  
  42  6:18  Probe (Chrono Boost)  
  41  6:25  Gateway  
  41  6:27  Gateway  
  41  6:28  Probe (Chrono Boost)  
  41  6:30  Dark Templar x2  
  41  6:31  Dark Templar  
  48  6:39  Probe (Chrono Boost)  
  39  7:04  Dark Templar x3  
  43  7:10  Photon Cannon  
  43  7:13  Photon Cannon  
  43  7:15  Photon Cannon  
  43  7:24  Probe (Chrono Boost)  
  43  7:35  Probe (Chrono Boost)  
  38  7:43  Stalker x3  
  38  7:44  Stalker  
  46  7:45  Stalker, Probe (Chrono Boost)  
  49  7:54  Pylon  
  49  7:58  Pylon  
  49  8:14  Robotics Facility  
  49  8:19  Dark Templar x2  
  51  8:20  Dark Templar x3  
  51  8:25  Pylon  
  39  8:55  Stalker x3  
  36  8:56  Stalker  
  36  8:57  Stalker  
  36  9:02  Immortal  
  32  9:23  Stalker  
  32  9:24  Stalker x3  
  28  9:26  Stalker  
  16  9:50  Dark Templar  
  14  10:03  Stalker  
Show
View Real Time Build Order
Export as new Build Order

JRingo Zerg - Winner!

Build Orders: Hatch First 

Get SALT Encoding   

  12  0:17  Drone x2  
  12  0:21  Overlord  
  14  0:47  Hatchery  
  13  0:50  Drone  
  13  0:52  Drone  
  15  0:58  Drone  
  15  1:03  Drone  
  17  1:13  Drone  
  18  1:21  Spawning Pool  
  18  1:23  Drone  
  18  1:37  Drone  
  19  1:41  Extractor  
  19  1:45  Drone  
  19  1:57  Extractor, Drone  
  19  2:07  Drone x2  
  21  2:11  Queen  
  23  2:27  Drone x3  
  23  2:28  Drone  
  27  2:37  Roach Warren  
  27  2:38  Drone  
  27  2:39  Drone  
  28  2:49  Lair  
  28  2:54  Overlord  
  28  3:07  Evolution Chamber  
  28  3:12  Evolution Chamber, Queen, Drone  
  29  3:13  Drone  
  29  3:17  Drone  
  29  3:18  Drone  
  32  3:23  Overlord  
  32  3:37  Drone x2  
  34  3:44  Drone x2  
  34  3:46  Zerg Missile Weapons Level 1, Spore Crawler  
  34  3:47  Roach x3  
  34  3:48  Roach  
  43  3:56  Overlord  
  43  3:57  Overlord  
  43  3:58  Overlord  
  43  4:01  Glial Reconstitution  
  43  4:03  Drone  
  43  4:07  Overlord  
  44  4:23  Roach  
  46  4:24  Roach x3  
  46  4:25  Roach x2  
  46  4:27  Roach  
  58  4:33  Zerg Ground Armor Level 1  
  58  4:39  Queen  
  58  4:43  Drone  
  58  4:44  Drone x2  
  63  4:46  Drone  
  63  4:50  Roach x2  
  68  4:53  Roach  
  68  4:59  Roach  
  74  5:00  Roach  
  74  5:06  Extractor  
  73  5:10  Extractor  
  72  5:20  Roach x2  
  76  5:21  Overlord x3  
  76  5:37  Hydralisk Den  
  76  5:41  Roach x4  
  75  6:02  Roach x4  
  67  6:21  Roach x3  
  67  6:22  Roach x2  
  73  6:27  Roach  
  65  7:04  Overseer  
  65  7:06  Overseer  
  65  7:14  Drone x6  
  71  7:19  Muscular Augments  
  71  7:23  Drone x3  
  74  7:31  Hydralisk x4  
  80  7:43  Roach x4  
  88  7:55  Roach x2  
  88  7:56  Overlord x3  
  92  8:16  Hatchery  
  89  8:25  Hatchery  
  68  8:45  Hydralisk x2  
  68  8:46  Hydralisk x3  
  68  8:47  Roach  
  68  8:48  Roach x4  
  76  8:57  Overseer  
  76  8:58  Overseer  
  76  9:06  Hydralisk x2  
  76  9:09  Roach  
  56  9:38  Hydralisk x4  
  56  9:39  Hydralisk  
  66  9:47  Drone  
  69  9:54  Overlord x2  
Show
View Real Time Build Order
Export as new Build Order

SPARKEATER Terran - Winner!

Build Orders: Command Center First (CC), MMM Bio 

Get SALT Encoding   

  12  0:01  SCV  
  13  0:14  SCV  
  14  0:26  SCV  
  14  0:27  Supply Depot  
  15  0:49  SCV  
  16  1:00  Command Center  
  17  1:08  Barracks  
  16  1:11  SCV  
  17  1:22  Refinery  
  17  1:23  SCV  
  18  1:35  SCV  
  19  1:48  SCV  
  21  2:01  Orbital Command  
  21  2:07  Refinery, Barracks Tech Lab  
  20  2:10  Barracks  
  20  2:29  SCV  
  21  2:41  SCV  
  22  2:46  Stimpack  
  22  2:50  Orbital Command  
  22  2:53  SCV  
  23  2:59  Factory  
  23  3:05  SCV  
  23  3:08  Barracks  
  23  3:11  Marine  
  23  3:12  Marine  
  26  3:17  SCV  
  27  3:29  SCV  
  27  3:33  Engineering Bay  
  28  3:34  Marine x2  
  28  3:40  SCV  
  28  3:41  SCV  
  32  3:52  Marine  
  32  3:55  Starport  
  33  3:59  Barracks  
  33  4:08  Missile Turret  
  33  4:10  Terran Infantry Weapons Level 1  
  33  4:12  Marine  
  33  4:13  Marine  
  33  4:14  Widow Mine  
  33  4:15  SCV, Missile Turret  
  38  4:28  Engineering Bay  
  38  4:34  Supply Depot  
  38  4:37  Supply Depot  
  38  4:38  Refinery  
  38  4:43  Supply Depot  
  38  4:48  Barracks Tech Lab  
  38  4:56  Marauder, SCV x2, Marine x2, Medivac  
  46  5:03  Supply Depot  
  46  5:04  Supply Depot  
  46  5:06  Factory Reactor  
  46  5:08  SCV x2  
  46  5:11  Concussive Shells  
  48  5:16  Terran Infantry Armor Level 1  
  48  5:18  Marine  
  48  5:20  SCV  
  50  5:23  Marine  
  51  5:33  Missile Turret  
  43  6:14  Marine x2, Marauder  
  43  6:15  Marauder  
  49  6:26  Supply Depot, Combat Shields  
  49  6:32  Marine x2  
  51  6:35  Marine x2  
  52  6:50  Marine x2, Bunker, Missile Turret  
  52  6:53  Marine  
  57  6:54  Marauder  
  51  7:07  Medivac x2, Widow Mine  
  51  7:08  Marine x2  
  59  7:11  Marine  
  59  7:12  SCV  
  59  7:13  SCV  
  59  7:15  Marauder  
  64  7:23  Supply Depot  
  64  7:25  Marine x2  
  64  7:26  SCV x2  
  64  7:29  Marauder  
  70  7:36  Marine  
  69  7:43  Marine x2  
  71  7:51  Medivac, Marauder  
  75  7:54  Marauder  
  77  8:01  Marine  
  77  8:02  Marine  
  79  8:09  Barracks  
  79  8:12  Marauder  
  81  8:13  Barracks  
  81  8:16  Marauder  
  81  8:19  Marine  
  84  8:20  Marine  
  85  8:33  Marauder  
  87  8:37  Marauder  
  87  8:47  Marine x2  
  88  8:55  Marauder  
  90  8:56  Marine  
  90  8:59  Marauder  
  93  9:05  Marine  
  94  9:24  Marine  
  94  9:38  Marine x2  
  94  9:41  Marine  
  94  9:45  Marauder  
  94  9:47  Marauder  
Tags
 
Add a new tag
Caveats
  • Supply blocks, unpowered buildings, or Contaminate may cause inaccurate times.
  • Supply counts are checked every 10 seconds.